AoeStats
← Simple Jack, u mad?

African Clearing

504483920Analyzed
4v4 RM · 28d ago on Sep 5, 2026· 40m 28s· 8 players
Game mode
Random Map
Map size
Large (8 player)
Population
200
Speed
Normal
Resources
Standard
Victory
Conquest
Starting age
Dark Age
Ending age
Imperial Age
RankedLock teamsTeams togetherTeam positionsShared explorationLock speedFull tech treeHidden civsTurbo modeCheats
Victory
Defeat
🇨🇳 Teutons · China
1697
+12
🇨🇳 Spanish · China
1629
+15
🇨🇳 Jurchens · China
1574
+17
🇨🇳 Khmer · China
1441
+22
🇸🇪 Gurjaras · Sweden
1644
-18
🇨🇴 Tupi · Colombia
1629
-18
🇧🇪 Armenians · Belgium
1619
-17
🇨🇳 Khitans · China
1514
-13
BiliBili风间
8:22 Loom
11:17 Feudal Age
12:13 Town Watch
12:02 Man-at-Arms
19:13 Fletching
25:15 Castle Age
24:11 Scale Barding Armor
24:16 Forging
23:59 Double-Bit Axe
29:57 Horse Collar
31:13 Bloodlines
31:21 Scale Mail Armor
31:59 Bow Saw
39:18 Stone Mining
39:42 Heavy Plow
40:07 Chain Barding Armor
40:11 Gold Mining
41:23 Wheelbarrow
小白77
10:33 Loom
12:40 Feudal Age
16:50 Castle Age
15:09 Double-Bit Axe
19:36 Horse Collar
38:45 Fletching
煌煌燎燃
7:45 Loom
12:47 Feudal Age
16:33 Castle Age
14:45 Double-Bit Axe
15:18 Horse Collar
17:48 Scale Barding Armor
18:09 Bow Saw
26:33 Bloodlines
26:47 Husbandry
29:27 Chain Barding Armor
30:15 Forging
31:44 Iron Casting
32:42 Wheelbarrow
38:04 Imperial Age
36:34 Gold Mining
38:33 Elite Steppe Lancer
40:02 Hand Cart
40:44 Plate Barding Armor
41:21 Gold Shaft Mining
钙奶饼干
8:52 Loom
11:37 Feudal Age
12:23 Double-Bit Axe
23:16 Horse Collar
24:37 Fletching
24:51 Padded Archer Armor
27:26 Castle Age
29:08 Bow Saw
33:19 Wheelbarrow
38:10 Hand Cart
37:55 Town Watch
39:02 Heavy Plow
39:24 Scale Barding Armor
39:34 Bloodlines
39:54 Husbandry
41:11 Chain Barding Armor
JOLIAT
3:57 Loom
13:49 Feudal Age
17:39 Castle Age
16:09 Double-Bit Axe
17:13 Fletching
21:39 Town Watch
22:44 Bodkin Arrow
25:15 Padded Archer Armor
25:42 Bow Saw
27:42 Ballistics
27:48 Leather Archer Armor
32:09 Champi Runner
32:55 Champi Warrior
35:06 Squires
37:44 Horse Collar
39:17 Heavy Plow
40:25 Wheelbarrow
Simple Jack, u mad?
3:59 Loom
13:02 Feudal Age
19:19 Castle Age
hoot
4:08 Loom
12:09 Feudal Age
13:24 Double-Bit Axe
19:25 Forging
21:36 Town Watch
27:53 Castle Age
26:42 Domestication
27:46 Fletching
28:53 Bodkin Arrow
28:59 Padded Archer Armor
29:01 Husbandry
32:18 Ballistics
33:35 Heavy Cavalry Archer
35:20 Thumb Ring
bullseyes
13:36 Feudal Age
12:01 Loom
14:25 Town Watch
14:39 Double-Bit Axe
17:19 Castle Age
15:28 Gold Mining
16:54 Fletching
18:19 Bodkin Arrow
18:05 Crossbowman
23:00 Horse Collar
26:57 Ballistics
30:33 Wheelbarrow
31:11 Stone Mining
31:48 Bow Saw
33:18 Hand Cart
34:54 Heavy Plow
37:50 Imperial Age
35:57 Pikeman
36:37 Squires
37:05 Padded Archer Armor
37:52 Capped Ram
39:47 Chemistry
38:52 Bracer
39:08 Leather Archer Armor
39:33 Siege Ram
Connection lost

Rejoining the realm…

Still unreachable

The connection could not be restored.

Session expired

The server has moved on; the page needs a fresh start.